 Dungeon Crawl Stone Soup version 0.24.0-123-gd5b16e6ec5 (webtiles) character file.

Game seed: 3325193728801669280, levelgen mode: deterministic

167 Notrik the Skirmisher (level 5, -1/51 HPs)
             Began as a Hill Orc Berserker on Feb 7, 2020.
             Was a Believer of Trog.
             Slain by an ogre
             ... wielding a +0 giant spiked club
              (21 damage)
             ... on level 3 of the Dungeon.
             The game lasted 00:06:09 (2962 turns).

Notrik the Skirmisher (Hill Orc Berserker)          Turns: 2962, Time: 00:06:10

Health: -1/51      AC:  9    Str: 21    XL:     5   Next: 48%
Magic:  6/6        EV: 10    Int:  7    God:    Trog [**....]
Gold:   124        SH:  0    Dex: 10    Spells: 4/4 levels left

rFire    . . .     SeeInvis .   a - +0 hand axe
rCold    . . .     Gourm    .   (no shield)
rNeg     . . .     Faith    .   p - +0 scale mail
rPois    .         Spirit   .   (no helmet)
rElec    .         Reflect  .   (no cloak)
rCorr    .         Harm     .   (no gloves)
MR       .....                  i - +2 pair of boots
Stlth    ..........             (no amulet)
HPRegen  0.17/turn              (no ring)
MPRegen  0.10/turn              (no ring)

@: no status effects
A: no striking features
a: Berserk, Trog's Hand, Renounce Religion


You were on level 3 of the Dungeon.
You worshipped Trog.
Trog was pleased with you.
You were not hungry.

You visited 1 branch of the dungeon, and saw 4 of its levels.

You collected 124 gold pieces.

Inventory:

Hand Weapons
 a - a +0 hand axe (weapon)
Missiles
 r - a throwing net (quivered) {!f}
Armour
 i - a +2 pair of boots (worn)
   (You found it on level 3 of the Dungeon)
 p - a +0 scale mail (worn)
   (You found it on level 2 of the Dungeon)
Jewellery
 b - a +3 ring of protection {unknown}
   (You found it on level 1 of the Dungeon)
 j - an uncursed ring of fire {unknown}
   (You found it on level 1 of the Dungeon)
Wands
 u - a wand of paralysis (9)
   (You found it on level 2 of the Dungeon)
Scrolls
 c - 2 scrolls of magic mapping
 f - a scroll of fog {unknown}
 q - a scroll of remove curse {unknown}
 s - a scroll of noise {unknown}
 t - a scroll of enchant weapon {unknown}
Potions
 g - 3 potions of curing {unknown}
 l - a potion of heal wounds {unknown}
 m - a potion of invisibility {unknown}
 n - a potion of haste {unknown}
 o - a potion of cancellation {unknown}
Comestibles
 e - 7 rations {!d}


   Skills:
 * Level 6.7 Fighting
 - Level 4.0 Axes
 - Level 2.1 Armour
 - Level 1.5 Dodging
 + Level 1.8 Evocations


You had 4 spell levels left.
You didn't know any spells.
Your spell library was empty.

Dungeon Overview and Level Annotations

Branches:
Dungeon (4/15)
 Temple: D:4-7

Altars:
Fedhas
Hepliaklqana
Kikubaaqudgha
Ru
Uskayaw

Annotations:
D:3 1 runed translucent door, Winsalot's ghost, amateur DECj


Message History

As you read the scroll of identify {@r1}, it crumbles to dust.
c - 2 scrolls of magic mapping
As you read the scroll of identify {@r1}, it crumbles to dust.
i - a +2 pair of boots You start putting on your armour.
You continue putting on your +2 pair of boots. x4
You finish putting on your +2 pair of boots.
You climb downwards.
An ogre comes into view. It is wielding a +0 giant spiked club.
The ogre shouts!
Found a scroll labeled YSCHYREGGIEL and 24 stones.
There is a stone staircase leading up here.
The ogre closely misses you.
You hit the ogre. You completely miss the ogre.
The ogre hits you with a +0 giant spiked club!
You hit the ogre but do no damage.
The ogre hits you with a +0 giant spiked club!
You slash the ogre!
The ogre hits you with a +0 giant spiked club.
You barely miss the ogre. You slash the ogre!
The ogre hits you with a +0 giant spiked club!
* * * LOW HITPOINT WARNING * * *
There is a stone staircase leading up here.
The ogre misses you.
You climb upwards.
Level annotation: 1 runed translucent door, Winsalot's ghost, amateur DECj
There is a stone staircase leading down here.
You see here an uncursed amulet of harm.
Your skin crawls.
You feel resistant to hostile enchantments.
You feel somewhat more hungry.
Trog will no longer gift you ammunition.
The ogre barely misses you.
You feel the effects of Trog's Hand fading.
The ogre closely misses you.
Your skin stops crawling.
You feel less resistant to hostile enchantments.
You hit the ogre. The ogre barely misses you.
You hit the ogre but do no damage. The ogre closely misses you.
You hit the ogre.
The ogre hits you with a +0 giant spiked club!
You hit the ogre but do no damage.
The ogre hits you with a +0 giant spiked club.
* * * LOW HITPOINT WARNING * * *
You completely miss the ogre. You hit the ogre.
The ogre hits you with a +0 giant spiked club!!
You die...

#.......#(......###...##
#.......#.####### ###.<.
#.......#.#############.
#.......)...............
#.......#.#########..###
#.......#.# ##.####
#.......#.## ##......
#######.#..######...####
#@O.........### #
#####.<....)# #
##########.## #
#......###.# #
#......##..# #
#......##..#######
#......)........##
#.....(###.##.....
#......#......#...


You could see an ogre.

Vanquished Creatures
  An orc wizard (D:3)
  An adder (D:3)
  3 gnolls (D:3)
  2 worms
  4 dart slugs
  5 leopard geckos
  8 orcs (D:3)
  7 bats
  5 giant cockroaches
  8 goblins
  10 hobgoblins
  3 jackals (D:3)
  7 kobolds
  3 frilled lizards
  6 rats
73 creatures vanquished.

Notes
Turn   | Place    | Note
-------+----------+-------------------------------------------
     0 | D:1      | Notrik the Hill Orc Berserker began the quest for the Orb.
     0 | D:1      | Reached XP level 1. HP: 19/19 MP: 1/1
    64 | D:1      | Reached skill level 4 in Fighting
   118 | D:1      | Reached XP level 2. HP: 25/27 MP: 2/2
   261 | D:1      | Reached skill level 5 in Fighting
   261 | D:1      | Reached XP level 3. HP: 26/36 MP: 3/3
   378 | D:1      | Reached ** piety under Trog
   933 | D:2      | Found a hazy altar of Hepliaklqana.
   958 | D:2      | Found an ancient bone altar of Kikubaaqudgha.
  1342 | D:2      | Found a blossoming altar of Fedhas.
  1342 | D:2      | Found a hide-covered altar of Uskayaw.
  1903 | D:3      | Reached XP level 4. HP: 39/44 MP: 4/4
  2119 | D:3      | Found a runed translucent door.
  2119 | D:3      | Noticed a hungry ghost
  2119 | D:3      | Noticed Winsalot's ghost (amateur DECj)
  2153 | D:3      | Reached skill level 6 in Fighting
  2183 | D:3      | Reached skill level 1 in Evocations
  2322 | D:3      | Reached XP level 5. HP: 48/51 MP: 5/5
  2379 | D:3      | Found a sacrificial altar of Ru.
  2440 | D:3      | Reached *** piety under Trog
  2918 | D:4      | Noticed an ogre
  2962 | D:3      | Slain by an ogre

Levels and vault maps discovered:
D:1:      psy_arrival_fountain, layout_loops_ring
D:2:      layout_basic, lemuel_round_altar, kiku_gazebo_garden_becter,
          gammafunk_temple_overflow_wave
D:3:      layout_rooms, ebering_ghost_inner_flame, nicolae_ru_path_of_blood
D:4:      layout_rooms, first_ration

Skill      XL: |  1  2  3  4 |
---------------+-------------+-----
Fighting       | 4 5 6 |  6.7
Evocations     | 1 |  1.8
Axes           | |  4.0
Armour         | |  2.1
Dodging        | |  1.5

Action                   |  1- 3 |  4- 6 || total
-------------------------+-------+-------++-------
Melee: Hand axe          |   126 |   140 ||   266
Invok: Trog's Hand       |       |     1 ||     1
  Use: Scroll            |     1 |     3 ||     4
  Eat: Chunk             |     2 |     5 ||     7
Armor: Animal skin       |     5 |       ||     5
       Leather armour    |    27 |       ||    27
       Scale mail        |       |    51 ||    51
Dodge: Dodged            |    67 |    74 ||   141
